 Dungeon Crawl Stone Soup version 0.31-a0-848-gaac375c287 (webtiles) character file.

Game seed: 4449679575971956323

9 croobank the Sneak (level 2, 0/21 HPs)
             Began as an Octopode Delver on Oct 4, 2023.
             Was an Initiate of Ashenzari.
             Slain by a centaur (7 damage)
             ... on level 5 of the Dungeon.
             The game lasted 00:03:41 (139 turns).

croobank the Sneak (Octopode Delver)                 Turns: 139, Time: 00:03:42

Health: 0/21       AC:  1    Str: 11    XL:     2   Next: 12%
Magic:  2/2        EV: 13    Int: 12    God:    Ashenzari [......]
Gold:   25         SH:  0    Dex: 13    Spells: 1/1 levels left

rFire   . . .        a - +0 short sword
rCold   . . .        (no shield)
rNeg    . . .        (helmet restricted)
rPois   .            (no amulet)
rElec   .            (no ring)
rCorr   .            (no ring)
SInv    .            (no ring)
Will    .....        (no ring)
Stlth   ++++         (no ring)
HPRegen 0.23/turn    (no ring)
MPRegen 0.08/turn    (no ring)
                     (no ring)

%: no passive effects
@: hasted, very quick
A: almost no armour, amphibious, 8 rings, camouflage 1, gelatinous body 1,
(nimble swimmer 1), tentacles
a: Renounce Religion


You were on level 5 of the Dungeon.
You worshipped Ashenzari.
Ashenzari was noncommittal.
You visited 2 branches of the dungeon, and saw 3 of its levels.

You collected 25 gold pieces.

Inventory:

Hand Weapons
 a - a +0 short sword (weapon)
 g - the +13 scythe of Curses {drain, curses, Drain}
   (You found it on level 5 of the Dungeon)

   Drain:     It drains your maximum health when unequipped.
Wands
 f - a wand of digging (3)
Scrolls
 b - a scroll of fog
 c - a scroll of revelation
 d - a scroll of fear
 h - a scroll of identify {unknown}


   Skills:
 + Level 3.1 Fighting
 + Level 2.2 Short Blades
 * Level 0.0 Polearms
 + Level 2.2 Dodging
 + Level 6.7 Stealth


You had one spell level left.
You didn't know any spells.
Your spell library was empty.

Dungeon Overview and Level Annotations

Branches:
Dungeon (6/15)             Temple (1/1) D:5

Altars:
Ashenzari
Cheibriados
Dithmenos
Elyvilon
Hepliaklqana
Kikubaaqudgha
Nemelex Xobeh
Ru
Sif Muna
Trog
Vehumet
Xom
Yredelemnul
Zin


Innate Abilities, Weirdness & Mutations

You cannot wear most types of armour.
You are amphibious.
You can wear up to eight rings at the same time.
Your skin changes colour to match your surroundings (Stealth+).
Your rubbery body absorbs attacks. (AC +1, EV +1)
((You are camouflaged when in or above water. (Stealth+)))
You have tentacles for arms and can constrict up to eight enemies at once.


Message History

There is a broken altar of Ashenzari here.
You curl up in front of the altar of Ashenzari.
Ashenzari welcomes you!
Ashenzari warns you of distant threats and treasures.
Ashenzari shows you where magical portals lie.
Okay, then.
Setting a skill training target for Polearms at 26.0.
There is a radiant altar of Vehumet here.
There is a snail-covered altar of Cheibriados here.
There is a staircase back to the Dungeon here.
You climb upwards.
There is a staircase to the Ecumenical Temple here.
You enter the shallow water.
h - a scroll labelled YPPIXI JULE You open the door.
There is an open door here.
Found a white marble altar of Elyvilon.
You now have 25 gold pieces (gained 16).
You open the door.
There is an open door here.
You open the door.
There is an open door here.
You open the door.
A centaur comes into view.
The centaur shouts!
The centaur wields a +0 orcbow.
The centaur shoots an arrow.
The arrow hits you.
You close the door.
You feel yourself speed up.
A centaur opens the door.
The centaur unwields a +0 orcbow.
The centaur hits you. The centaur barely misses you.
There is an open door here.
You barely miss the centaur. You hit the centaur but do no damage.
The centaur hits you. The centaur misses you.
You hit the centaur but do no damage. The centaur hits you.
The centaur barely misses you.
You hit the centaur.
The centaur is lightly wounded.
The centaur hits you!
You die...

..........~....
.........#~#...
.........#~~~~~
.........###...
####+#####.......
#+##.....##..###....
+..#.....#.....#....
#..#.....#.....#....
#.c@.....'.....#....
......##.....#...###....
.8..# ###########......
... #...... . #......


You could see a centaur.

Vanquished Creatures
  An adder (D:6)
1 creature vanquished.

Notes
Turn   | Place    | Note
-------+----------+-------------------------------------------
     0 | D:5      | croobank the Octopode Delver began the quest for the Orb.
     0 | D:5      | Reached XP level 1. HP: 16/16 MP: 1/1
     8 | D:6      | Reached XP level 2. HP: 21/21 MP: 2/2
    13 | D:6      | Noticed an ogre
    25 | D:5      | Noticed a phantom
    28 | D:5      | Found a staircase to the Ecumenical Temple.
    28 | D:5      | Found the +13 scythe of Curses {drain, curses, Drain}
    50 | Temple   | Entered the Ecumenical Temple
    65 | Temple   | Became a worshipper of Ashenzari the Shackled
    98 | D:5      | Found a white marble altar of Elyvilon.
   131 | D:5      | Noticed a centaur
   139 | D:5      | Slain by a centaur

Illustrated notes

Levels and vault maps discovered:
D:5:      layout_gridville, elyvilon_altar_5, makhleb_heckhound_becter,
          nicolae_uskayaw_dance_hall, minmay_temple_entry_water_ring,
          minmay_chambers_of_fives
D:6:      layout_cave_pools, lemuel_tele_altar
Temple:   cyrus_circular_temple

Action                     || total
---------------------------++-------
  Melee: Short sword       ||     5
    Use: Potion            ||     1
   Stab: Sleeping          ||     1
 Armour: Skin              ||     5
  Dodge: Dodged            ||     3

Table legend: (Time is in decaauts)
 A = Elapsed time spent in this place.
 B = Non-inter-level travel time spent in this place.
 C = Inter-level travel time spent in this place.
 D = Time resting spent in this place.
 E = Time spent auto-exploring this place.
 F = Levels seen in this place.
 G = Mean time per level.
                   A        B        C        D        E       F      G
               +--------+--------+--------+--------+--------+-----+--------+
         Total |    137 |    123 |     14 |      0 |     48 |   3 |   45.7 |
       Dungeon |    109 |    108 |      1 |      0 |     48 |   2 |   54.5 |
        Temple |     28 |     15 |     13 |      0 |      0 |   1 |   28.0 |
               +--------+--------+--------+--------+--------+-----+--------+

Top non-repeatable levels by time:
     D:5: 86 daAuts
  Temple: 28 daAuts
     D:6: 22 daAuts
